 Dungeon Crawl Stone Soup version 0.31-a0-988-g08d55dae12 (webtiles) character file.

Game seed: 16132270097606483596

73176 Dado the Warrior (level 15, -4/129 HPs)
             Began as a Human Wanderer on Nov 4, 2023.
             Was the Champion of Qazlal.
             Killed by divine providence
             ... invoked by Saint Roka
              (13 damage)
             ... on level 2 of the Orcish Mines.
             The game lasted 02:18:20 (25463 turns).

Dado the Warrior (Human Wanderer)                  Turns: 25463, Time: 02:18:20

Health: -4/129     AC: 36    Str: 17    XL:     15   Next: 89%
Magic:  33/33      EV:  9    Int: 21    God:    Qazlal [******]
Gold:   1559       SH: 18    Dex: 13    Spells: 16/16 levels left

rFire   + . .        l - +10 spear of Foolhardiness {heavy, rCorr}
rCold   + . .        M - +0 kite shield
rNeg    . . .        A - +8 orange crystal plate armour {Archmagi, Int+3 Clar}
rPois   .            B - +3 hat of Pondering {ponderous, Will+ MP+10 Int+5}
rElec   .            D - scarf {rC+ rF+}
rCorr   +            n - +2 pair of gloves
SInv    .            G - +1 pair of boots
Will    ++...        p - amulet of the acrobat Stlth
                     r - ring of flight
HPRegen 0.41/turn    C - +5 ring of evasion
MPRegen 0.23/turn

%: repel missiles, acrobat, clarity, archmagi
@: protected from physical damage, flying, slow
A: iridescent scales 1, clumsy 1, deformed body
a: Renounce Religion, Upheaval, Elemental Force, Disaster Area


You were on level 2 of the Orcish Mines.
You worshipped Qazlal.
Qazlal was exalted by your worship.
You visited 5 branches of the dungeon, and saw 22 of its levels.

You collected 1649 gold pieces.
You spent 90 gold pieces at shops.

Inventory:

Hand Weapons
 l - the +10 spear of Foolhardiness (weapon) {heavy, rCorr}
   (You found it on level 2 of the Dungeon)

   rCorr:     It protects you from acid and corrosion.
 R - a +1 arbalest of electrocution
Missiles
 k - 2 throwing nets
 o - 14 poisoned darts (quivered)
Armour
 n - a +2 pair of gloves (worn)
 A - the +8 orange crystal plate armour (worn) {Archmagi, Int+3 Clar}
   (You acquired it on level 5 of the Dungeon)

   Int+3:     It affects your intelligence (+3).
   Clar:      It protects you from confusion, rage, mesmerisation and fear.
 B - the +3 hat of Pondering (worn) {ponderous, Will+ MP+10 Int+5}
   (You took it off Gastronok on level 10 of the Dungeon)

   Int+5:     It affects your intelligence (+5).
   Will+:     It increases your willpower.
   MP+10:     It affects your magic capacity (+10).
 D - a scarf of resistance (worn)
 G - a +1 pair of boots (worn)
 M - a +0 kite shield (worn)
Jewellery
 a - the ring "Ytiuzum" {Fire rCorr SInv}
   (You found it on level 12 of the Dungeon)

   [ring of fire]

   Fire:      It enhances your fire magic.
   rF+:       It protects you from fire.
   rC-:       It makes you vulnerable to cold.
   SInv:      It lets you see invisible.
   rCorr:     It protects you from acid and corrosion.
 j - a ring of protection from fire
 p - an amulet of the acrobat (around neck)
 r - a ring of flight (left hand)
 C - a +5 ring of evasion (right hand)
 H - an amulet of reflection
 K - a +4 ring of protection
 N - a ring of willpower
Wands
 b - a wand of flame (25)
 x - a wand of polymorph (13)
 E - a wand of paralysis (6)
 J - a wand of roots (12)
 L - a wand of digging (2)
Scrolls
 d - a scroll of revelation
 h - 2 scrolls of teleportation
 i - 2 scrolls of poison
 y - 4 scrolls of fog
 I - a scroll of fear
 P - a scroll of identify
 Q - 2 scrolls of immolation
Potions
 c - 3 potions of heal wounds
 f - 6 potions of curing
 g - 5 potions of lignification
 m - a potion of invisibility
 q - 5 potions of resistance
 s - a potion of magic
 t - a potion of haste
 v - 2 potions of enlightenment
 w - a potion of berserk rage
 F - 2 potions of attraction
 O - 2 potions of might
 T - 3 potions of brilliance
Miscellaneous
 S - a sack of spiders (inert)


   Skills:
 * Level 15.5 Fighting
 - Level 3.5 Long Blades
 + Level 10.9 Polearms
 + Level 11.1 Armour
 + Level 10.7 Dodging
 - Level 1.0 Stealth
 + Level 6.9 Shields
 - Level 1.0 Spellcasting
 + Level 11.6 Invocations
 - Level 1.0 Evocations


You had 16 spell levels left.
You didn't know any spells.
Your spell library contained the following spells:

 Spells                   Type           Power      Damage    Failure   Level
 Apportation              Tloc           2%         N/A       100%        1
 Sandblast                Erth           2%         2d4       100%        1
 Blink                    Tloc           2%         N/A       100%        2
 Jinxbite                 Hex            2%         N/A       100%        2
 Lesser Beckoning         Tloc           2%         N/A       100%        2
 Momentum Strike          Conj/Tloc      2%         3d8       100%        2
 Passwall                 Tmut/Erth      0%         N/A       100%        2
 Wereblood                Tmut           1%         N/A       100%        2
 Call Canine Familiar     Summ           1%         N/A       100%        3
 Gell's Gravitas          Tloc           1%         N/A       100%        3
 Inner Flame              Hex/Fire       1%         N/A       100%        3
 Sigil of Binding         Hex            1%         N/A       100%        3
 Stone Arrow              Conj/Erth      2%         3d7       100%        3
 Teleport Other           Tloc           1%         N/A       100%        3
 Animate Armour           Summ/Erth      2%         N/A       100%        4
 Brom's Barrelling Bould  Conj/Erth      1%         2d3       100%        4
 Dimensional Bullseye     Hex/Tloc       0%         N/A       100%        4
 Flame Wave               Conj/Fire      1%         2d4       100%        4
 Leda's Liquefaction      Hex/Erth       0%         N/A       100%        4
 Sticky Flame             Conj/Fire      1%         2d3       100%        4
 Alistair's Intoxication  Tmut/Pois      0%         N/A       100%        5
 Fireball                 Conj/Fire      0%         3d3       100%        5
 Irradiate                Conj/Tmut      0%         3d11      100%        5
 Iskenderun's Battlesphe  Conj           1%         2d6       100%        5
 Silence                  Hex/Air        0%         N/A       100%        5
 Conjure Ball Lightning   Conj/Air       0%         3x3d6     100%        6
 Dispersal                Tloc           0%         N/A       100%        6
 Orb of Destruction       Conj           0%         9d5       100%        7
 Shatter                  Erth           0%         3d5*      100%        9


Dungeon Overview and Level Annotations

Branches:
Dungeon (13/15)            Temple (1/1) D:5            Lair (5/5) D:11
  Swamp (0/4) Lair:2        Snake (0/4) Lair:3        Slime (1/5) Lair:5
    Orc (2/2) D:12
    Elf: Orc:2       Vaults: D:13-14

Altars:
Ashenzari
Cheibriados
Dithmenos
Elyvilon
Fedhas
Gozag
Hepliaklqana
Kikubaaqudgha
Makhleb
Nemelex Xobeh
Okawaru
Qazlal
Ru
Sif Muna
Trog
Uskayaw
Vehumet
Wu Jian
Xom
Yredelemnul
Zin
The Shining One
Jiyva

Shops:
D:1 !   D:5 =

Annotations:
Orc:2 Saint Roka


Innate Abilities, Weirdness & Mutations

You are partially covered in iridescent scales. (AC +2)
You are clumsy. (Dex -2)
Armour fits poorly on your strangely shaped body.


Message History

* * * LOW HITPOINT WARNING * * *
Throw: 18 darts (poison)
Press: ? - help, Q - select action, (/) - cycle Shift-Dir - straight line, f/p - Saint Roka
Aim: Saint Roka, wielding a +0 battleaxe and wearing a +1 plate armour of willpower (freezing vapour, severely wounded, very poisoned, 73% to hit)
You throw a poisoned dart. The poisoned dart hits Saint Roka.
Saint Roka looks even sicker.
Saint Roka is severely wounded.
Saint Roka is engulfed in freezing vapours.
Saint Roka invokes the aid of Beogh against you.
Beogh smites you!
* * * LOW HITPOINT WARNING * * *
Throw: 17 darts (poison)
Press: ? - help, Q - select action, (/) - cycle Shift-Dir - straight line, f/p - Saint Roka
Aim: Saint Roka, wielding a +0 battleaxe and wearing a +1 plate armour of willpower (freezing vapour, severely wounded, very poisoned, 73% to hit)
You throw a poisoned dart. The poisoned dart hits Saint Roka.
Saint Roka looks even sicker.
Saint Roka is severely wounded.
Saint Roka hits you but does no damage.
Throw: 16 darts (poison)
Press: ? - help, Q - select action, (/) - cycle Shift-Dir - straight line, f/p - Saint Roka
Aim: Saint Roka, wielding a +0 battleaxe and wearing a +1 plate armour of willpower (severely wounded, very poisoned, 73% to hit)
You throw a poisoned dart. The poisoned dart hits Saint Roka.
Saint Roka looks as sick as possible!
Saint Roka is severely wounded.
Your protection from physical attacks is fading.
Saint Roka hits you with a +0 battleaxe.
* * * LOW HITPOINT WARNING * * *
Saint Roka invokes the aid of Beogh against you.
Beogh smites you!
* * * LOW HITPOINT WARNING * * *
Throw: 15 darts (poison)
Press: ? - help, Q - select action, (/) - cycle Shift-Dir - straight line, f/p - Saint Roka
Aim: Saint Roka, wielding a +0 battleaxe and wearing a +1 plate armour of willpower (severely wounded, extremely poisoned, 73% to hit)
You throw a poisoned dart. The poisoned dart hits Saint Roka.
Saint Roka looks as sick as possible!
Saint Roka is severely wounded.
Saint Roka mumbles some strange prayers to Beogh against you.
Beogh smites you!
You die...
Saint Roka roars, "Praise to Beogh!"

#.## ## ###..# #.# ##
##...### ..##.# #....#.###
###.....# ##........#
#.#....##.
##.........###°..°.......
#.............o.........#.
##..####.......°§.##.......
#...# ###......@## ......
#..## ##...[...####.....
#.(#########.(○.☼○.........
#.......~# ##.[............
#........# ##.<(.(....###
##..~~~..# ##[).......#
##..~~..### #.)[....##.#
##..~≈~..o###......## #
##..~~~~oo..#...#....#


You could see Saint Roka (extremely poisoned).

Vanquished Creatures
  Jorgrun (Orc:1)
  Gastronok (D:10)
  2 acid blobs (Lair:5)
  An eleionoma (Lair:2)
  A catoblepas (Lair:3)
  5 hydras
  A boulder beetle (Lair:5)
  2 two-headed ogres
  7 death yaks
  2 skysharks (Lair:5)
  An arcanist (D:9)
  Pikel (D:8)
  A deep elf pyromancer (D:12)
  An oklob plant (D:11)
  2 orc sorcerers (Orc:2)
  A cyclops (Orc:2)
  A manticore (D:12)
  9 elephants (Lair:5)
  A torpor snail (Lair:1)
  5 black mambas
  10 cane toads
  Psyche (D:8)
  An efreet (D:13)
  A kobold demonologist (D:11)
  3 rime drakes
  An unseen horror (D:7)
  5 komodo dragons
  4 hornets (Lair:5)
  9 polar bears
  7 trolls
  Prince Ribbit (D:8)
  12 dream sheep
  33 blink frogs
  15 spriggans
  17 slime creatures
  A vampire (D:13)
  5 wyverns
  A wraith (D:12)
  49 yaks
  9 basilisks
  Grum (D:8)
  2 steam dragons
  9 vampire mosquitoes
  2 wargs
  22 water moccasins
  7 black bears
  25 orc warriors
  6 ogres
  37 wolves
  4 boggarts (Lair:5)
  A lemure (D:8)
  5 centaurs
  3 kobold brigands
  13 bullfrogs
  A gnoll sergeant (D:5)
  10 wights (D:7)
  14 killer bees
  8 howler monkeys
  A crimson imp (D:9)
  5 jellies
  16 orc priests
  3 hounds
  2 gnoll boudas
  Terence (D:3)
  7 iguanas
  19 orc wizards
  23 gnolls
  7 adders
  2 white imps
  2 ufetubi (D:6)
  3 worms
  2 dart slugs
  61 orcs
  3 bats
  2 endoplasms
  5 giant cockroaches
  6 goblins
  3 hobgoblins
  4 jackals (D:1)
  5 quokkas
  7 ball pythons
  3 frilled lizards
  16 kobolds
  3 rats
  A spectral kobold (D:1)
  A butterfly (Lair:1)
614 creatures vanquished.

Vanquished Creatures (collateral kills)
  An orc warrior (Orc:2)
  2 orcs (Orc:2)
3 creatures vanquished.

Grand Total: 617 creatures vanquished

Notes
Turn   | Place    | Note
-------+----------+-------------------------------------------
     0 | D:1      | Dado the Human Wanderer began the quest for the Orb.
     0 | D:1      | Dado set off with the following items: a +3 falchion, a
                  | wand of flame (7), a potion of heal wounds, a +0 robe.
     0 | D:1      | Reached XP level 1. HP: 18/18 MP: 2/2
   145 | D:1      | Found Fifinots's Distillery.
   330 | D:1      | Reached XP level 2. HP: 19/24 MP: 3/3
   348 | D:1      | Found a faded altar of an unknown god.
   455 | D:1      | Prayed at the altar of an unknown god.
   455 | D:1      | Became a worshipper of Qazlal Stormbringer
   455 | D:1      | Reached * piety under Qazlal
   673 | D:1      | Reached XP level 3. HP: 29/29 MP: 4/4
  1084 | D:1      | Bought a potion of degeneration for 10 gold pieces
  1103 | D:2      | Found a hide-covered altar of Uskayaw.
  1124 | D:2      | Reached skill level 1 in Armour
  1124 | D:2      | Reached skill level 1 in Dodging
  1194 | D:2      | Identified the +10 spear of Foolhardiness {heavy, rCorr}
  1389 | D:2      | Reached XP level 4. HP: 25/37 MP: 5/5
  1622 | D:2      | Reached skill level 4 in Fighting
  2008 | D:3      | Found a blossoming altar of Fedhas.
  2068 | D:3      | Found a faded altar of an unknown god.
  2068 | D:3      | Found a faded altar of an unknown god.
  2068 | D:3      | Found a hazy altar of Hepliaklqana.
  2147 | D:3      | Reached ** piety under Qazlal
  2303 | D:3      | Reached XP level 5. HP: 42/42 MP: 6/6
  2881 | D:3      | Noticed Terence
  2884 | D:3      | Killed Terence
  3214 | D:1      | Bought a potion of mutation for 80 gold pieces
  3218 | D:1      | Gained mutation: You sometimes lose your temper in combat.
                  | [potion of mutation]
  3218 | D:1      | Gained mutation: You have hidden genetic potential. [potion
                  | of mutation]
  3460 | D:4      | Reached XP level 6. HP: 49/49 MP: 7/7
  3487 | D:4      | Reached skill level 1 in Polearms
  3618 | D:4      | Gained mutation: You expend magic power (3 MP) to
                  | strengthen your wands. [hidden potential]
  3646 | D:4      | Noticed a black bear
  3675 | D:4      | Killed a black bear
  3676 | D:4      | Reached skill level 5 in Fighting
  3676 | D:4      | Reached XP level 7. HP: 56/56 MP: 8/8
  3676 | D:4      | Gained mutation: You have a pair of small horns on your
                  | head. [hidden potential]
  3676 | D:4      | Lost mutation: You have hidden genetic potential. [hidden
                  | potential expressed]
  3682 | D:4      | Found a bloodstained altar of Trog.
  4084 | D:5      | Entered Level 5 of the Dungeon
  4114 | D:5      | Found an ornate altar of the Wu Jian Council.
  4218 | D:5      | Found a radiant altar of Vehumet.
  4219 | D:5      | Found a basalt altar of Yredelemnul.
  4248 | D:5      | Found a staircase to the Ecumenical Temple.
  4304 | D:5      | Found a white marble altar of Elyvilon.
  4304 | D:5      | Found a glowing silver altar of Zin.
  4573 | D:5      | Reached XP level 8. HP: 64/64 MP: 10/10
  4605 | D:5      | Reached *** piety under Qazlal
  4628 | D:5      | Found Ejirimna's Jewellery Shoppe.
  4740 | D:5      | Found a glowing golden altar of the Shining One.
  4811 | D:5      | Found a broken altar of Ashenzari.
  4935 | Temple   | Entered the Ecumenical Temple
  4978 | D:5      | Identified a scroll of acquirement
  4978 | D:5      | Acquired the +8 orange crystal plate armour {Archmagi,
                  | Int+3 Clar}
  4978 | D:5      | Found the +8 orange crystal plate armour {Archmagi, Int+3
                  | Clar}
  5098 | D:6      | Reached skill level 6 in Fighting
  5796 | D:7      | Killed an unseen horror
  5797 | D:7      | Reached skill level 7 in Fighting
  5797 | D:7      | Reached XP level 9. HP: 51/72 MP: 12/12
  6562 | D:7      | Reached **** piety under Qazlal
  6837 | D:7      | Reached skill level 5 in Invocations
  7083 | D:8      | Noticed Grum
  7093 | D:8      | Reached skill level 8 in Fighting
  7093 | D:8      | Reached skill level 5 in Armour
  7102 | D:8      | Killed Grum
  7103 | D:8      | Reached skill level 5 in Dodging
  7107 | D:8      | Reached XP level 10. HP: 32/80 MP: 12/14
  7287 | D:8      | Found a sacrificial altar of Ru.
  7343 | D:8      | Noticed Prince Ribbit
  7356 | D:8      | Killed Prince Ribbit
  7357 | D:8      | Reached skill level 5 in Polearms
  7401 | D:8      | Noticed Pikel
  7411 | D:8      | Killed Pikel
  7412 | D:8      | Reached skill level 9 in Fighting
  7434 | D:8      | Noticed Psyche
  7440 | D:8      | Killed Psyche
  8590 | D:9      | Reached XP level 11. HP: 90/90 MP: 15/15
  8605 | D:9      | Noticed a two-headed ogre
  8647 | D:9      | Killed a two-headed ogre
  8648 | D:9      | Reached skill level 10 in Fighting
  8885 | D:9      | Found a burning altar of Makhleb.
  8885 | D:9      | Noticed a green death
  9041 | D:9      | Noticed an arcanist
  9055 | D:9      | Killed an arcanist
  9461 | D:9      | Found a shimmering blue altar of Sif Muna.
  9606 | D:9      | Found a sparkling altar of Nemelex Xobeh.
  9886 | D:10     | Entered Level 10 of the Dungeon
 10013 | D:10     | Noticed Gastronok
 10199 | D:10     | Killed Gastronok
 10199 | D:10     | Reached ***** piety under Qazlal
 10461 | D:10     | You are sucked into a shaft and drop 3 floors!
 10820 | D:13     | Noticed a red ugly thing
 10847 | D:12     | Reached skill level 11 in Fighting
 10915 | D:12     | Found a gate leading to a gauntlet.
 11053 | D:12     | Reached XP level 12. HP: 97/100 MP: 17/17
 11236 | D:12     | Identified the ring "Ytiuzum" {Fire rCorr SInv}
 12483 | D:11     | Reached skill level 12 in Fighting
 12650 | D:11     | Found a staircase to the Lair.
 13072 | Lair:1   | Entered Level 1 of the Lair of Beasts
 13127 | Lair:1   | Reached skill level 1 in Shields
 13133 | D:11     | Reached ****** piety under Qazlal
 13279 | Lair:1   | Reached XP level 13. HP: 80/109 MP: 19/19
 15397 | Lair:2   | Found a staircase to the Swamp.
 15399 | Lair:2   | Noticed an eleionoma
 15405 | Lair:2   | Killed an eleionoma
 15406 | Lair:2   | Reached skill level 13 in Fighting
 15889 | Lair:2   | Identified the +7 great sword "Asupaver" {freeze, rF+}
 15932 | Lair:2   | You are sucked into a shaft and drop 1 floor!
 15932 | Lair:3   | Noticed a four-headed hydra
 16893 | Lair:3   | Noticed a catoblepas
 16932 | Lair:3   | Killed a catoblepas
 16942 | Lair:3   | Killed a four-headed hydra
 17020 | Lair:3   | Identified the +4 dagger of the Scorching Coward {pain,
                  | Contam rPois rC+ rCorr}
 17264 | Lair:3   | Found a staircase to the Snake Pit.
 17518 | Lair:3   | Identified the +5 falchion "Zopi" {drain, rC+ rN++ Will-}
 17685 | Lair:4   | Identified the "Utimek Obb"
 17691 | Lair:4   | Noticed a four-headed hydra
 17703 | Lair:3   | Reached XP level 14. HP: 95/118 MP: 21/21
 17719 | Lair:3   | Reached skill level 10 in Invocations
 19105 | Lair:4   | Lost mutation: You expend magic power (3 MP) to strengthen
                  | your wands. [potion of mutation]
 19105 | Lair:4   | Lost mutation: You sometimes lose your temper in combat.
                  | [potion of mutation]
 19105 | Lair:4   | Lost mutation: You have a pair of small horns on your head.
                  | [potion of mutation]
 19105 | Lair:4   | Gained mutation: You have hidden genetic defects. [potion
                  | of mutation]
 19105 | Lair:4   | Gained mutation: You occasionally lose the ability to read
                  | scrolls when taking damage. [potion of mutation]
 19105 | Lair:4   | Gained mutation: Your body sometimes deteriorates upon
                  | taking damage. [potion of mutation]
 19105 | Lair:4   | Gained mutation: You are agile. (Dex +4, Str/Int -1)
                  | [potion of mutation]
 19106 | Lair:4   | Lost mutation: Your body sometimes deteriorates upon taking
                  | damage. [potion of mutation]
 19106 | Lair:4   | Lost mutation: You occasionally lose the ability to read
                  | scrolls when taking damage. [potion of mutation]
 19106 | Lair:4   | Gained mutation: You are robust. (+10% HP) [potion of
                  | mutation]
 19106 | Lair:4   | Gained mutation: You expend magic power (3 MP) to
                  | strengthen your wands. [potion of mutation]
 19106 | Lair:4   | Lost mutation: You are robust. (+10% HP) [potion of
                  | mutation]
 19107 | Lair:4   | Lost mutation: You are agile. (Dex +4, Str/Int -1) [potion
                  | of mutation]
 19107 | Lair:4   | Lost mutation: You expend magic power (3 MP) to strengthen
                  | your wands. [potion of mutation]
 19107 | Lair:4   | Lost mutation: You have hidden genetic defects. [potion of
                  | mutation]
 19107 | Lair:4   | Gained mutation: You are clumsy. (Dex -2) [potion of
                  | mutation]
 19107 | Lair:4   | Gained mutation: Armour fits poorly on your strangely
                  | shaped body. [potion of mutation]
 19107 | Lair:4   | Gained mutation: You are partially covered in iridescent
                  | scales. (AC +2) [potion of mutation]
 19398 | Lair:5   | Entered Level 5 of the Lair of Beasts
 19431 | Lair:5   | Reached skill level 14 in Fighting
 19485 | Lair:5   | Reached skill level 10 in Armour
 19488 | Lair:5   | Reached skill level 5 in Shields
 19628 | Lair:5   | Found a staircase to the Slime Pits.
 19628 | Lair:5   | Found a viscous altar of Jiyva.
 20031 | Lair:5   | Reached skill level 10 in Polearms
 20346 | Lair:5   | Reached skill level 10 in Dodging
 20376 | Lair:5   | Reached XP level 15. HP: 72/127 MP: 23/23
 21063 | Lair:5   | Reached skill level 15 in Fighting
 21787 | Vaults:5 | Identified the "Dacs"
 21787 | Vaults:5 | Identified the "Ruber"
 21787 | Crypt:3  | Identified the "Sumnes"
 21787 | Depths:3 | Identified the "Arphuwacoe"
 21787 | Elf:1    | Identified the "Emeew"
 21787 | Elf:3    | Identified the of Locam
 21787 | Elf:3    | Identified the of Tusoipiss
 21787 | Elf:3    | Identified the of Gimeec
 21787 | Slime:1  | Entered Level 1 of the Pits of Slime
 21787 | Slime:1  | Noticed an acid blob
 21796 | Lair:5   | Killed an acid blob
 22230 | Slime:1  | Noticed an acid blob
 22246 | Lair:5   | Killed an acid blob
 23710 | D:12     | Found a staircase to the Orcish Mines.
 23996 | Orc:1    | Entered Level 1 of the Orcish Mines
 24389 | Orc:1    | Found a burning altar of Makhleb.
 24703 | Orc:2    | Entered Level 2 of the Orcish Mines
 24717 | Orc:2    | Noticed Jorgrun
 24756 | Orc:1    | Killed Jorgrun
 24945 | Orc:2    | Noticed Saint Roka
 25463 | Orc:2    | Killed from afar by Saint Roka

Illustrated notes

Levels and vault maps discovered:
D:1:      minmay_arrival_four_houses, layout_loops_ring,
          dreamdust_ecumenical_altar_drowned_temple, serial_shops, shop
D:2:      layout_basic, basic_altar, kennysheep_pointless_box
D:3:      layout_basic, marbit_many_paths,
          nicolae_hepliaklqana_ecumenical_no_more, uniq_terence
D:4:      layout_loops_ring, lightli_temple_of_fire
D:5:      layout_basic, dreamdust_divine_triumvirate, lemuel_crystal_altar,
          nzn_wu_jian_council_hall, chequers_temple_overflow_statue_of_worship,
          minmay_temple_entry_statues_fountains, serial_shops,
          nicolae_shop_statue_plus, nrook_campfire
D:6:      nicolae_cairo_tiling_large, layout_gridville
D:7:      layout_basic
D:8:      layout_basic, nicolae_ru_awakened_eye, uniq_pikel, uniq_grum,
          uniq_psyche, uniq_prince_ribbit1
D:9:      layout_loops_ring, nemelex_diamond_rough_becter, tgw_sif,
          makhleb_altar_promises_db, lightli_wizard_tower
D:10:     layout_rooms, uniq_gastronok
D:11:     layout_roguey, dpeg_oklobed_lair
D:12:     layout_gridville, david_orc_4, gauntlet_entry_generic
D:13:     layout_basic, solitary_fountain
Temple:   hellmonk_temple_forest_ring
Lair:1:   layout_cave_pods, lemuel_fruit_fields, grunt_megastairs_3
Lair:2:   layout_cave_pods, alex1729_swamp_entry_worm_eleionoma,
          grunt_megastairs_5
Lair:3:   layout_loops_ring, minmay_snake_entry_six_corridors
Lair:4:   layout_gridlike, grunt_forest_stairs_clearing
Lair:5:   minmay_lair_end_enchanted_forest, layout_concentric_octagons,
          slime_entry_1, kennysheep_basilisk_garden
Slime:1:  layout_caves
Orc:1:    layout_caves, basic_altar, mines2_david
Orc:2:    kennysheep_orc_mage_school, layout_diamond_mine,
          nicolae_orc_pool_cavern, nicolae_orc_lava_tube,
          david_defended_altar_orc, uniq_saint_roka, uniq_jorgrun

Skill      XL: |  1  2  3  4  5  6  7  8  9 10 11 12 13 14 15 |
---------------+----------------------------------------------+-----
Armour         | 1 2 3 4 5 6 7 8 9 10 11 | 11.1
Dodging        | 1 2 3 4 5 6 7 8 9 10 | 10.7
Fighting       | 4 5 7 8 9 11 12 13 14 15 | 15.5
Polearms       | 2 3 4 6 7 8 9 10 | 10.9
Invocations    | 2 3 4 5 6 7 8 9 10 11 | 11.6
Shields        | 1 4 5 6 |  6.9
Long Blades    | |  3.5
Stealth        | |  1.0
Spellcasting   | |  1.0
Evocations     | |  1.0

Action                     |  1- 3 |  4- 6 |  7- 9 | 10-12 | 13-15 || total
---------------------------+-------+-------+-------+-------+-------++-------
  Melee: Falchion          |    69 |       |       |       |       ||    69
         Spear             |     9 |    88 |   201 |   453 |   904 ||  1655
         Headbutt          |       |       |    24 |   100 |    64 ||   188
         Punch             |       |       |     1 |     6 |       ||     7
  Throw: Dart              |       |       |       |    15 |    37 ||    52
 Invoke: Elemental Force   |       |       |       |       |     1 ||     1
  Evoke: Wand              |       |       |     2 |    17 |    12 ||    31
         Sack of spiders   |       |       |       |       |     2 ||     2
    Use: Scroll            |     4 |     5 |     1 |    10 |    13 ||    33
         Potion            |       |     1 |       |     2 |    13 ||    16
   Stab: Sleeping          |     1 |       |       |       |       ||     1
         Distracted        |       |       |       |       |     1 ||     1
         Paralysed         |       |       |       |       |     1 ||     1
 Armour: Robe              |    33 |       |       |       |       ||    33
         Ring mail         |     9 |    15 |       |       |       ||    24
         Chain mail        |       |    31 |    31 |       |       ||    62
         Crystal plate arm |       |       |   199 |   565 |   652 ||  1416
  Dodge: Dodged            |    42 |    26 |    55 |   256 |   291 ||   670
         Repelled          |       |       |       |     3 |     3 ||     6
  Block: Other             |     3 |     6 |    27 |   153 |       ||   189
         Kite shield       |       |       |       |    55 |  1012 ||  1067

Table legend: (Time is in decaauts)
 A = Elapsed time spent in this place.
 B = Non-inter-level travel time spent in this place.
 C = Inter-level travel time spent in this place.
 D = Time resting spent in this place.
 E = Time spent auto-exploring this place.
 F = Levels seen in this place.
 G = Mean time per level.
                   A        B        C        D        E       F      G
               +--------+--------+--------+--------+--------+-----+--------+
         Total |  26746 |  20042 |   6704 |   5516 |   9513 |  22 | 1215.7 |
       Dungeon |  14819 |  11989 |   2830 |   2916 |   6310 |  13 | 1139.9 |
        Temple |     25 |      1 |     24 |      0 |      0 |   1 |   25.0 |
          Lair |  10341 |   6695 |   3646 |   2102 |   2756 |   5 | 2068.2 |
    Slime Pits |     19 |     19 |      0 |      0 |      0 |   1 |   19.0 |
  Orcish Mines |   1540 |   1337 |    203 |    498 |    445 |   2 |  770.0 |
               +--------+--------+--------+--------+--------+-----+--------+

Top non-repeatable levels by time:
  Lair:5: 3464 daAuts
  Lair:1: 2410 daAuts
    D:11: 1719 daAuts
    D:12: 1698 daAuts
     D:9: 1672 daAuts
  Lair:4: 1603 daAuts
  Lair:2: 1519 daAuts
     D:8: 1360 daAuts
     D:7: 1360 daAuts
  Lair:3: 1343 daAuts
     D:3: 1291 daAuts
   Orc:1: 1193 daAuts
     D:1: 1127 daAuts
     D:2: 928 daAuts
     D:5: 913 daAuts
